 Dungeon Crawl Stone Soup version 0.28.0-45-g0d030f2227 (webtiles) character file.

Game seed: 822176086488773702

36736 Zeld the Geomancer (level 13, -10/80 HPs)
             Began as a Gargoyle Earth Elementalist on Apr 11, 2022.
             Was a High Priest of Vehumet.
             Mangled by an entropy weaver simulacrum (18 damage)
             ... in an ice cave.
             The game lasted 00:31:57 (27928 turns).

Zeld the Geomancer (Gargoyle Earth Elementalist)   Turns: 27928, Time: 00:31:57

Health: -10/80     AC: 18    Str: 12    XL:     13   Next: 92%
Magic:  25/36      EV: 11    Int: 24    God:    Vehumet [*****.]
Gold:   720        SH:  0    Dex: 10    Spells: 13/32 levels left

rFire   + . .      SeeInvis .   a - +6 dire flail (freeze)
rCold   + . .      Faith    .   (shield currently unavailable)
rNeg    + + .      Spirit   .   o - +3 leather armour of Parlour Games {rN+}
rPois   ∞          Reflect  .   e - +0 helmet {Int+3}
rElec   +          Harm     .   y - scarf {rC+ rF+}
rCorr   .          Rampage  .   M - +0 pair of gloves
Will    .....                   F - +0 pair of boots
Stlth   ++........              (no amulet)
HPRegen 0.23/turn               x - ring of wizardry
MPRegen 0.25/turn               L - ring of magical power

@: no status effects
A: sickness immunity, AC +9, negative energy resistance 1, electricity
resistance, torment resistance 1, petrification resistance
a: Renounce Religion


You were in an ice cave.
You worshipped Vehumet.
Vehumet was extremely pleased with you.
You visited 3 branches of the dungeon, and saw 18 of its levels.
You also visited: Ice Cave.

You collected 1173 gold pieces.
You spent 453 gold pieces at shops.

Inventory:

Hand Weapons
 a - a +6 dire flail of freezing (weapon)
Missiles
 c - 367 stones
Armour
 e - a +0 helmet of intelligence (worn)
 o - the +3 leather armour of Parlour Games (worn) {rN+}
   (You bought it in a shop on level 2 of the Dungeon)

   rN:        It protects you from negative energy.
 y - a scarf of resistance (worn)
 F - a +0 pair of boots (worn)
 M - a +0 pair of gloves (worn)
Jewellery
 b - a ring of protection from fire
 x - a ring of wizardry (left hand)
 I - a ring of willpower
 L - a ring of magical power (right hand)
Wands
 z - a wand of iceblast (10)
 E - a wand of digging (6)
 J - a wand of paralysis (4)
 K - a wand of flame (4)
Scrolls
 g - 4 scrolls of teleportation
 i - a scroll of summoning
 l - 3 scrolls of enchant armour {unknown}
 m - 2 scrolls of blinking
 r - a scroll of silence {unknown}
 t - 2 scrolls of amnesia {unknown}
 v - 2 scrolls of noise {unknown}
 A - 2 scrolls of magic mapping {unknown}
 B - a scroll of fear {unknown}
 O - a scroll of identify
Potions
 d - 6 potions of heal wounds {unknown}
 f - a potion of lignification {unknown}
 h - a potion of cancellation {unknown}
 j - 2 potions of degeneration {unknown}
 k - a potion of attraction {unknown}
 n - 3 potions of flight {unknown}
 p - 4 potions of mutation {unknown}
 q - 2 potions of magic {unknown}
 s - 6 potions of curing
 u - 2 potions of invisibility
 C - 3 potions of berserk rage {unknown}
 D - 2 potions of brilliance {unknown}
 G - a potion of haste {unknown}
 H - a potion of might {unknown}
Miscellaneous
 w - a lightning rod (4/4)
 N - a piece from Xom's chessboard (15/15)


   Skills:
 + Level 8.9 Fighting
 * Level 11.2 Maces & Flails
 - Level 2.0 Dodging
 - Level 4.0 Stealth
 - Level 10.0 Spellcasting
 + Level 9.3 Conjurations
 - Level 1.0 Transmutations
 * Level 14.8 Earth Magic
 + Level 5.2 Evocations


You had 13 spell levels left.
You knew the following spells:

 Your Spells              Type           Power      Damage    Failure   Level
a - Sandblast             Erth           100%       2d20      0%          1
b - Passwall              Tmut/Erth      40%        N/A       1%          2
c - Stone Arrow           Conj/Erth      100%       3d13      1%          3
d - Petrify               Tmut/Erth      49%        N/A       1%          4
e - Lee's Rapid Deconstr  Erth           35%        3d19*     1%          5
f - Leda's Liquefaction   Hex/Erth       23%        N/A       1%          4

Your spell library contained the following spells:

 Spells                   Type           Power      Damage    Failure   Level
 Iskenderun's Battlesphe  Conj           54%        2d10      1%          5
 Foxfire                  Conj/Fire      100%       2x1d9     1%          1
 Static Discharge         Conj/Air       34%        N/A       1%          2
 Dazzling Flash           Conj/Hex       68%        N/A       1%          3
 Iskenderun's Mystic Bla  Conj/Tloc      34%        2d8       1%          4
 Sticky Flame             Conj/Fire      34%        2d5       1%          4
 Summon Small Mammal      Summ           48%        N/A       2%          1
 Frozen Ramparts          Ice            24%        1d4       2%          3
 Ignite Poison            Fire/Tmut/Pois 13%        N/A       2%          3
 Inner Flame              Hex/Fire       12%        N/A       2%          3
 Irradiate                Conj/Tmut      18%        3d19      2%          5
 Call Canine Familiar     Summ           12%        N/A       9%          3
 Portal Projectile        Hex/Tloc       24%        N/A       9%          3
 Summon Guardian Golem    Hex/Summ       12%        N/A       9%          3
 Orb of Destruction       Conj           27%        9d9       13%         7
 Starburst                Conj/Fire      17%        6d6       16%         6
 Ice Form                 Ice/Tmut       14%        N/A       21%         4
 Animate Dead             Necr           6%         N/A       26%         4
 Cause Fear               Hex            6%         N/A       26%         4
 Dispel Undead            Necr           12%        3d9       26%         4
 Summon Ice Beast         Ice/Summ       12%        N/A       26%         4
 Blade Hands              Tmut           8%         N/A       43%         5
 Spellforged Servitor     Conj/Summ      17%        N/A       56%         7
 Dragon Form              Tmut           8%         N/A       100%        7
 Haunt                    Necr/Summ      6%         N/A       100%        7
 Malign Gateway           Summ/Tloc      6%         N/A       100%        7
 Discord                  Hex            6%         N/A       100%        8
 Infestation              Necr           6%         N/A       100%        8
 Statue Form              Tmut/Erth      Unusable   N/A       N/A         6

Dungeon Overview and Level Annotations

Branches:
Dungeon (12/15)            Temple (1/1) D:6            Lair (5/6) D:10
  Swamp (0/4) Lair:2        Snake (0/4) Lair:3          Orc (0/2) D:12
  IceCv (1/1)
  Slime: Lair:5-6

Altars:
Ashenzari
Cheibriados
Dithmenos
Elyvilon
Fedhas
Gozag
Hepliaklqana
Kikubaaqudgha
Makhleb
Nemelex Xobeh
Okawaru
Qazlal
Ru
Sif Muna
Trog
Uskayaw
Vehumet
Wu Jian
Xom
Yredelemnul
Zin
The Shining One
Beogh

Shops:
D:2 [   D:6 *   D:8 (

Annotations:
D:12 Rupert


Innate Abilities, Weirdness & Mutations

You are immune to sickness and miasma.
Your stone body is resilient. (AC +9)
You are immune to poison.
You resist negative energy. (rN+)
You are resistant to electric shocks. (rElec)
You are resistant to unholy torment.
You are immune to petrification.


Message History

The entropy weaver simulacrum hits you!
The entropy weaver simulacrum freezes you!
You resist.
The entropy weaver simulacrum hits you but does no damage. x2
Casting: Stone Arrow (safe; 1% risk of failure)
Confirm with . or Enter, or press ? or * to list all spells.
Aiming: Stone Arrow (safe; 1% risk of failure)
Press: ? - help, Shift-Dir - straight line, f/p - entropy weaver simulacrum
Aim: an entropy weaver simulacrum (84% to hit)
The stone arrow hits the entropy weaver simulacrum!
The entropy weaver simulacrum is lightly damaged.
The entropy weaver simulacrum closely misses you.
The entropy weaver simulacrum hits you but does no damage. x3
Unknown command.
Casting: Stone Arrow (safe; 1% risk of failure)
Confirm with . or Enter, or press ? or * to list all spells.
Aiming: Stone Arrow (safe; 1% risk of failure)
Press: ? - help, Shift-Dir - straight line, f/p - entropy weaver simulacrum
Aim: an entropy weaver simulacrum (lightly damaged, 84% to hit)
The stone arrow misses the entropy weaver simulacrum.
The entropy weaver simulacrum hits you.
The entropy weaver simulacrum freezes you!
You resist. The entropy weaver simulacrum hits you.
The entropy weaver simulacrum freezes you!
You resist.
* * * LOW HITPOINT WARNING * * *
The entropy weaver simulacrum completely misses you.
The entropy weaver simulacrum hits you but does no damage.
Casting: Stone Arrow (safe; 1% risk of failure)
Confirm with . or Enter, or press ? or * to list all spells.
Aiming: Stone Arrow (safe; 1% risk of failure)
Press: ? - help, Shift-Dir - straight line, f/p - entropy weaver simulacrum
Aim: an entropy weaver simulacrum (lightly damaged, 84% to hit)
The stone arrow hits the entropy weaver simulacrum!!
The entropy weaver simulacrum is severely damaged.
The entropy weaver simulacrum hits you.
* * * LOW HITPOINT WARNING * * *
The entropy weaver simulacrum freezes you!!
You resist.
You die...

#.8...8.#
+.......+
###.8...8.##
..........
#.8...8.#
+.......+
#.8...8.#
+.....@.+
#+#...#Z#
#...#.#
#...### #...#
##+#...#
#⌠[##'##
###W4#...# .#
#.####...####.


You could see an entropy weaver simulacrum.

Vanquished Creatures
  Josephine (D:12)
  6 hydras
  A boulder beetle (Lair:3)
  4 two-headed ogres
  The ghost of terff the Chopper, a novice DsMo of Okawaru (D:7)
  Pikel (D:5)
  A deep elf pyromancer (D:9)
  A manticore (D:12)
  A cyclops (D:11)
  3 elephants
  Maurice (D:9)
  2 ice statues (IceCv)
  A black mamba (Lair:1)
  7 cane toads
  A torpor snail (Lair:4)
  A komodo dragon (Lair:1)
  2 kobold demonologists
  An ice devil (IceCv)
  3 tyrant leeches (Lair:2)
  3 trolls
  Prince Ribbit (D:8)
  5 blink frogs (Lair:3)
  3 dream sheep (Lair:4)
  2 shadows
  A vampire (D:11)
  3 wyverns
  39 yaks
  7 wraiths
  Eustachio (D:5)
  3 basilisks
  2 steam dragons
  A vampire mosquito (D:8)
  A death yak simulacrum (IceCv)
  2 nagas (Lair:3)
  2 acid dragons
  4 wargs
  15 water moccasins
  An ice beast (D:5)
  7 orc warriors
  A sky beast (D:8)
  4 black bears
  3 ogres
  A necrophage (D:5)
  19 wolves (Lair:1)
  A centaur (D:9)
  4 phantoms
  4 lemures (D:5)
  6 kobold brigands
  11 bullfrogs
  3 scorpions
  A two-headed ogre simulacrum (IceCv)
  2 gnoll sergeants
  A wyvern skeleton (D:7)
  An elephant simulacrum (IceCv)
  11 killer bees
  A water moccasin skeleton (D:5)
  8 wights
  2 howler monkeys
  6 quasits (D:7)
  4 centaur zombies
  A wyvern simulacrum (D:9)
  2 hounds (D:5)
  A bullfrog skeleton (D:6)
  3 jellies
  3 gnoll shamans
  10 orc priests
  A centaur skeleton (D:7)
  3 iguanas
  Terence (D:3)
  11 orc wizards
  5 hell rats (Lair:4)
  A troll simulacrum (IceCv)
  A wolf simulacrum (IceCv)
  2 killer bee zombies
  2 howler monkey zombies
  21 gnolls
  2 adders
  A shadow imp (D:6)
  A white imp (D:7)
  2 ufetubi (D:6)
  3 worms
  56 orcs
  2 bats
  9 endoplasms
  3 giant cockroaches
  11 goblins
  8 hobgoblins
  4 quokkas
  6 ball pythons
  4 frilled lizards
  21 kobolds
  11 rats
448 creatures vanquished.

Vanquished Creatures (others)
  5 fungi
  10 plants
15 creatures vanquished.

Grand Total: 463 creatures vanquished

Notes
Turn   | Place    | Note
-------+----------+-------------------------------------------
     0 | D:1      | Zeld the Gargoyle Earth Elementalist began the quest for
                  | the Orb.
     0 | D:1      | Reached XP level 1. HP: 10/10 MP: 3/3
   224 | D:1      | Reached XP level 2. HP: 16/16 MP: 3/5
   422 | D:1      | Learned a level 2 spell: Passwall
   739 | D:1      | Reached skill level 4 in Earth Magic
   856 | D:1      | Found a faded altar of an unknown god.
  1194 | D:1      | Reached skill level 1 in Transmutations
  1249 | D:2      | Reached XP level 3. HP: 20/20 MP: 4/6
  1253 | D:2      | Learned a level 3 spell: Stone Arrow
  1408 | D:2      | Found Vuddaq's Antique Armour Shop.
  1408 | D:2      | Found a glowing golden altar of the Shining One.
  2263 | D:3      | Noticed a phantom
  2271 | D:3      | Killed a phantom
  2272 | D:3      | Reached skill level 1 in Fighting
  2272 | D:3      | Reached skill level 1 in Conjurations
  2272 | D:3      | Reached XP level 4. HP: 25/25 MP: 1/8
  2272 | D:3      | Reached XP level 5. HP: 29/29 MP: 1/9
  2277 | D:3      | Learned a level 4 spell: Petrify
  3523 | D:3      | Noticed Terence
  3526 | D:3      | Killed Terence
  3527 | D:3      | Reached skill level 5 in Earth Magic
  3953 | D:4      | Reached XP level 6. HP: 35/35 MP: 9/11
  4057 | D:4      | Found an opulent altar of Gozag.
  4235 | D:4      | Reached skill level 1 in Maces & Flails
  4360 | D:4      | Reached XP level 7. HP: 10/40 MP: 0/12
  5241 | D:2      | Bought a spiked leather armour for 203 gold pieces
  5241 | D:2      | Identified the +3 leather armour of Parlour Games {rN+}
                  | (You bought it in a shop on level 2 of the Dungeon)
  5553 | D:5      | Entered Level 5 of the Dungeon
  5567 | D:5      | Learned a level 4 spell: Leda's Liquefaction
  5660 | D:5      | Reached skill level 6 in Earth Magic
  5957 | D:5      | Reached XP level 8. HP: 45/45 MP: 4/14
  6425 | D:5      | Reached skill level 5 in Spellcasting
  6425 | D:5      | Reached skill level 7 in Earth Magic
  6675 | D:5      | Noticed Eustachio
  6679 | D:5      | Killed Eustachio
  7050 | D:5      | Noticed Pikel
  7418 | D:5      | Killed Pikel
  7419 | D:5      | Reached skill level 8 in Earth Magic
  7419 | D:5      | Reached XP level 9. HP: 51/52 MP: 0/17
  7425 | D:5      | Learned a level 5 spell: Lee's Rapid Deconstruction
  8162 | D:6      | Found Hoiwityx's General Store.
  8172 | D:6      | Bought a potion of curing for 33 gold pieces
  8821 | D:6      | Found a staircase to the Ecumenical Temple.
  8890 | Temple   | Entered the Ecumenical Temple
  8951 | Temple   | Became a worshipper of Vehumet
  9708 | D:7      | Reached skill level 9 in Earth Magic
  9806 | D:7      | Reached skill level 5 in Conjurations
  9873 | D:7      | Found a transporter.
  9881 | D:7      | Noticed terff's ghost (novice DsMo)
  9965 | D:7      | Found a transporter.
 10160 | D:7      | Reached skill level 5 in Fighting
 10334 | D:7      | Reached XP level 10. HP: 59/59 MP: 13/20
 10645 | D:8      | Found Rocuigh's Weapon Shop.
 10725 | D:8      | Reached skill level 5 in Maces & Flails
 10809 | D:8      | Noticed Prince Ribbit
 10813 | D:8      | Killed Prince Ribbit
 11503 | D:8      | Reached * piety under Vehumet
 11503 | D:8      | Offered knowledge of Freeze by Vehumet.
 12005 | D:8      | Reached skill level 10 in Earth Magic
 12458 | D:2      | Bought a runed helmet for 217 gold pieces
 12875 | D:9      | Noticed a kobold demonologist
 12879 | D:9      | Noticed a sun demon
 12881 | D:9      | Killed a kobold demonologist
 12948 | D:9      | Noticed a two-headed ogre
 13713 | D:9      | Identified the +4 flail "Maikeschi" {holy, rC++ rN+ Int-5}
 13713 | D:9      | Noticed a deep elf pyromancer
 13717 | D:9      | Killed a deep elf pyromancer
 13721 | D:9      | Reached XP level 11. HP: 39/64 MP: 7/23
 13915 | D:9      | Reached skill level 11 in Earth Magic
 14048 | D:9      | Noticed Maurice
 14166 | D:9      | Got Dirretap's Collected Works on Companions and Ignition
 14174 | D:9      | Identified the +11 shortbow of Zeto {freeze, Str+5 Dex+4}
 14452 | D:9      | Offered knowledge of Poisonous Vapours by Vehumet.
 14453 | D:9      | Reached ** piety under Vehumet
 15035 | D:9      | Killed Maurice
 15154 | D:9      | Killed a two-headed ogre
 15750 | D:10     | Entered Level 10 of the Dungeon
 15847 | D:10     | Noticed a two-headed ogre
 15852 | D:10     | Killed a two-headed ogre
 15996 | D:10     | Reached skill level 1 in Evocations
 16473 | D:10     | Offered knowledge of Dazzling Flash by Vehumet.
 16764 | D:10     | Noticed a two-headed ogre
 16772 | D:10     | Killed a two-headed ogre
 16773 | D:10     | Reached skill level 12 in Earth Magic
 16773 | D:10     | Reached *** piety under Vehumet
 16915 | D:10     | Found a staircase to the Lair.
 17328 | D:11     | Noticed a cyclops
 17337 | D:11     | Killed a cyclops
 17338 | D:11     | Reached XP level 12. HP: 63/71 MP: 22/25
 17412 | D:11     | Noticed a six-headed hydra
 17419 | D:11     | Killed a six-headed hydra
 17642 | D:11     | Noticed a two-headed ogre
 17649 | D:11     | Killed a two-headed ogre
 18527 | D:12     | Noticed Rupert
 19277 | D:12     | Noticed Josephine
 19300 | D:12     | Killed Josephine
 19636 | D:11     | Offered knowledge of Olgreb's Toxic Radiance by Vehumet.
 20065 | D:12     | Found a staircase to the Orcish Mines.
 20839 | D:7      | Killed terff's ghost
 20840 | D:7      | Reached skill level 10 in Spellcasting
 21591 | Lair:1   | Entered Level 1 of the Lair of Beasts
 21608 | Lair:1   | Found a hide-covered altar of Uskayaw.
 21657 | Lair:1   | Noticed a four-headed hydra
 21661 | Lair:1   | Reached **** piety under Vehumet
 21662 | Lair:1   | Reached skill level 13 in Earth Magic
 21671 | Lair:1   | Killed a four-headed hydra
 21674 | Lair:1   | Offered knowledge of Lightning Bolt by Vehumet.
 22503 | Lair:1   | Reached XP level 13. HP: 78/78 MP: 18/27
 23141 | Lair:2   | Reached skill level 10 in Maces & Flails
 23589 | Lair:2   | Found a staircase to the Swamp.
 24206 | Lair:2   | Reached skill level 14 in Earth Magic
 24823 | Lair:3   | Found a staircase to the Snake Pit.
 25637 | Lair:3   | Reached ***** piety under Vehumet
 26316 | Lair:4   | Offered knowledge of Iskenderun's Battlesphere by Vehumet.
 26325 | Lair:4   | Reached skill level 5 in Evocations
 27173 | Lair:5   | Identified the +1 robe "Optaxewu" {Str+4}
 27212 | Lair:5   | Found a frozen archway.
 27249 | IceCv    | Entered an ice cave
 27928 | IceCv    | Mangled by an entropy weaver simulacrum

Illustrated notes

Levels and vault maps discovered:
D:1:      kilobyte_arrival_exit_the_forest, layout_loops_ring,
          hellmonk_ecumenical_altar_defaced_shrine
D:2:      layout_rooms, serial_shops, shop, basic_altar,
          kennysheep_generic_room_2
D:3:      layout_basic, uniq_terence
D:4:      layout_loops_cross, mainiacjoe_overflow_brackets, minmay_vboxes
D:5:      layout_basic, uniq_pikel, uniq_eustachio
D:6:      layout_gridville, temple_green, serial_shops,
          nicolae_shop_window_shopping
D:7:      layout_loops_ring, gammafunk_ghost_stat_death
D:8:      layout_layer_cave, skrybe_limestone_x, hangedman_decor_opposing,
          minmay_misc_feat_x, minmay_misc_feat_chi, grunt_ogre_cave,
          minmay_misc_feat_square, nicolae_stop_n_shop_1,
          kennysheep_generic_room_9, uniq_prince_ribbit1
D:9:      layout_loops_corners, special_room [special_room_orc], abandoned_shop,
          nicolae_concentric_dashed_squares_wild, minmay_the_grid_2x2
          [minmay_the_grid_stretched_grid, minmay_the_grid_box_x,
          minmay_the_grid_odd_star,
          minmay_the_grid_prize_four_corners_diamond_b], uniq_maurice
D:10:     layout_cave_pools, erik_lair_orcish_takeover, dk_vineyard_2
D:11:     layout_irregular_city
D:12:     layout_basic, erik_orc_3, uniq_rupert, uniq_josephine
Temple:   mainiacjoe_temple_hex_bubbles
Lair:1:   layout_roguey, basic_altar, chequers_serial_rivers_micro_d
Lair:2:   layout_long_grid, minmay_swamp_entry_worms, beast_lair_carwin_6
Lair:3:   layout_cave_pods, guppyfry_snake_entry_island
Lair:4:   layout_misc_corridors, infiniplex_staircase_pool_2
Lair:5:   layout_hall_layers, portal_ice_cave_entry_pillars_2,
          minmay_lair_oklob_bushes, serial_bayou_shore_b, serial_bayou_shore_b
IceCv:    ice_cave_tombish

Skill      XL: |  1  2  3  4  5  6  7  8  9 10 11 12 13 |
---------------+----------------------------------------+-----
Earth Magic    | 4 5 6 8 9 10 12 13 14 | 14.8
Transmutations | 1 |  1.0
Fighting       | 1 2 4 5 6 7 8 |  8.9
Dodging        | 2 |  2.0
Spellcasting   | 3 4 5 6 8 9 10 | 10.0
Conjurations   | 1 2 3 4 5 6 7 8 9 |  9.3
Stealth        | 3 4 |  4.0
Maces & Flails | 1 2 3 4 6 8 9 11 | 11.2
Evocations     | 1 3 5 |  5.2

Action                   |  1- 3 |  4- 6 |  7- 9 | 10-12 | 13-15 || total
-------------------------+-------+-------+-------+-------+-------++-------
Melee: Unarmed           |    58 |    36 |     8 |       |       ||   102
       Mace              |       |    60 |    51 |       |       ||   111
       Punch             |       |     2 |     1 |       |       ||     3
       Dire flail        |       |       |    21 |    82 |    14 ||   117
 Cast: Sandblast         |    45 |     2 |    13 |     9 |     4 ||    73
       Stone Arrow       |     6 |    32 |   128 |   339 |   214 ||   719
       Lee's Rapid Decon |       |       |     1 |    19 |     9 ||    29
       Leda's Liquefacti |       |       |     1 |     6 |       ||     7
  Use: Scroll            |       |       |     5 |     3 |     1 ||     9
 Stab: Sleeping          |     1 |     1 |       |       |       ||     2
       Distracted        |       |       |       |     1 |       ||     1
Armor: Robe              |    11 |    38 |     5 |       |       ||    54
       Leather armour    |       |       |    50 |   234 |    70 ||   354
Dodge: Dodged            |    61 |    71 |    98 |   243 |    59 ||   532
